[Event "ICC tourney 2545 (5 3)"]
[Site "Internet Chess Club"]
[Date "2021.04.11"]
[Round "8"]
[White "Neukoelln"]
[Black "orak"]
[Result "1-0"]
[ICCResult "Black forfeits on time"]
[WhiteElo "1674"]
[BlackElo "1582"]
[Opening "Alekhine's defense: modern variation, 4...Bg4"]
[ECO "B05"]
[NIC "AL.03"]
[Time "17:06:00"]
[TimeControl "300+3"]

1. e4 Nf6 2. e5 Nd5 3. d4 d6 4. Nf3 Bg4 5. Be2 Nc6 6. exd6 exd6 7. O-O Be7
8. a3 O-O 9. h3 Bh5 10. c4 Nb6 11. d5 Nb8 12. b3 Bf6 13. Ra2 N8d7 14. Re1
Re8 15. Nd4 Bg6 16. Be3 Rc8 17. Nc3 c6 18. dxc6 bxc6 19. Bg4 Rc7 20. Nce2
Ne5 21. Nf4 d5 22. Nxg6 Nxg6 23. c5 Nd7 24. b4 Nde5 25. Bf5 Nc4 26. Rae2
Nge5 27. f4 Ng6 28. Bxg6 hxg6 29. Qd3 Re4 30. Bf2 Rxf4 31. Re8+ Qxe8 32.
Rxe8+ Kh7 33. Nf3 Re4 34. h4 Rxe8 35. a4 a6 36. h5 Ne5 37. hxg6+ Nxg6 38.
Qxa6 Re4 39. b5 cxb5 40. axb5 d4 41. b6 Rxc5 42. b7 Re8 43. Nxd4 Rc1+ 44.
Kh2 Be5+ 45. Bg3 Bxd4 46. b8=Q Rxb8 47. Bxb8 Ra1 48. Qc4 Bg1+ 49. Kh3 Ra3+
50. g3 f6 51. Bd6 Ra5 52. Kg2 Be3 53. Qc3 Ra2+ 54. Kf3 Bb6 55. Qb3 Rf2+ 56.
Kg4 f5+ 57. Kh3 Bd4 58. Qd3 Bf6 59. Bc5 {Black forfeits on time} 1-0

[Event "ICC tourney 2545 (5 3)"]
[Site "Internet Chess Club"]
[Date "2021.04.11"]
[Round "8"]
[White "ChalsparoV"]
[Black "RoadToFM2007"]
[Result "1/2-1/2"]
[ICCResult "Game drawn by mutual agreement"]
[WhiteElo "1821"]
[BlackElo "1905"]
[Opening "Queen's pawn: Chigorin variation"]
[ECO "D00"]
[NIC "QP.08"]
[Time "17:06:34"]
[TimeControl "300+3"]

1. d4 d5 2. Nc3 Nf6 3. Bf4 c5 4. e3 cxd4 5. exd4 a6 6. Nf3 Nc6 7. Ne5 e6 8.
Be2 Qb6 9. Nxc6 bxc6 10. Rb1 Bb4 11. O-O O-O 12. Bd3 h6 13. Ne2 Qd8 14. c3
Bd6 15. Re1 a5 16. Bc2 Ba6 17. Bxd6 Qxd6 18. Ng3 c5 19. h3 Rab8 20. Qd2 Rfc8
21. a3 cxd4 22. Qxd4 Qb6 23. Qe5 Qc7 24. Qe3 Qc4 25. Ne2 Re8 26. Nc1 Qc7 27.
Bd3 Bxd3 28. Nxd3 Ne4 29. f3 Nd6 30. Ne5 Nc4 31. Nxc4 Qxc4 32. f4 Rec8 33.
f5 exf5 34. Qe5 g6 35. Rbd1 Qc5+ 36. Kh1 Rxb2 37. Rxd5 Qf2 38. Rg1 Re2 39.
Qf6 Re1 40. Rxe1 Qxe1+ 41. Kh2 Qe6 42. Rd8+ Rxd8 43. Qxd8+ Kh7 44. Qxa5 Qd6+
45. Kh1 Qd1+ 46. Kh2 Qd6+ 47. Kh1 f4 48. Qb4 Qd1+ 49. Kh2 f3 50. Qf4 Kg7 51.
Qxf3 Qd6+ 52. Qg3 Qxa3 53. c4 Qc5 54. Qc3+ Kh7 55. Qf6 Qxc4 56. Kh1 h5 57.
Kh2 Qc7+ 58. Kh1 Kg8 59. Kg1 Qc1+ 60. Kh2 Qd2 61. Qe5 Qd8 62. Kg3 Kh7 63.
Kf4 Qh4+ 64. Kf3 Qa4 65. Qf6 Qd1+ 66. Kg3 Qe1+ 67. Kh2 Qe6 68. Qf4 Kg7 69.
Qd4+ Qf6 70. Qe4 h4 71. Qg4 Qe5+ 72. Kg1 Qe1+ 73. Kh2 Qe5+ 74. Kg1 g5 75.
Qh5 Qe1+ 76. Kh2 Qg3+ 77. Kg1 f5 78. Qe8 f4 79. Qe7+ Kg6 80. Qe6+ Kh5 81.
Qf7+ Kh6 82. Qf6+ Kh7 83. Qf7+ Kh8 84. Qf8+ Kh7 85. Qf7+ Kh6 86. Qf6+ Kh5
87. Qf7+ {Game drawn by mutual agreement} 1/2-1/2

[Event "ICC tourney 2545 (5 3)"]
[Site "Internet Chess Club"]
[Date "2021.04.11"]
[Round "8"]
[White "noprisoners"]
[Black "sandeep3345"]
[Result "1-0"]
[ICCResult "Black resigns"]
[WhiteElo "1278"]
[BlackElo "1256"]
[Opening "Bird's opening"]
[ECO "A02"]
[NIC "VO.07"]
[Time "17:05:37"]
[TimeControl "300+3"]

1. f4 d6 2. Nf3 c5 3. c3 b5 4. e3 Nc6 5. d4 cxd4 6. exd4 a6 7. Bd3 Bb7 8.
O-O e6 9. Nbd2 Be7 10. Qe1 Nf6 11. Ne4 Nxe4 12. Qxe4 d5 13. Qe2 O-O 14. Ne5
Nxe5 15. fxe5 f6 16. exf6 Bxf6 17. Qxe6+ Kh8 18. Qh3 g6 19. Bxg6 Qe7 20. Bh6
Bc8 21. Qh5 Rg8 22. Bf7 Bg4 23. Qxd5 Rad8 24. Qb3 Bh3 25. Bxg8 Rxg8 26. Rf2
Qe4 27. g3 Be6 28. Qd1 Bd5 29. Kf1 Re8 30. Rf3 Qxf3+ 31. Qxf3 Bxf3 32. Re1
Rxe1+ 33. Kxe1 Bd5 34. b3 Bg7 35. Bxg7+ Kxg7 36. Kf2 Kf6 37. Ke3 h5 38. Kf4
a5 39. h4 Kg6 40. Ke5 Bf7 41. d5 a4 42. c4 bxc4 43. bxc4 Be8 44. a3 Kf7 45.
d6 Bd7 46. c5 Kg6 47. Kf4 Kf6 48. Ke4 Ke6 49. Kd4 Kf5 50. Kd5 Be6+ 51. Kc6
Kg4 52. d7 Bxd7+ 53. Kxd7 Kxg3 54. c6 Kxh4 55. c7 Kg4 56. c8=Q h4 57. Kd6+
Kg3 58. Qg8+ Kf4 59. Qc4+ Kg3 60. Qxa4 h3 61. Qb3+ Kg2 62. Qxh3+ {Black
resigns} 1-0

[Event "ICC tourney 2545 (5 3)"]
[Site "Internet Chess Club"]
[Date "2021.04.11"]
[Round "9"]
[White "WestCoastGirl"]
[Black "IsaiahS"]
[Result "1-0"]
[ICCResult "Black resigns"]
[WhiteElo "1435"]
[BlackElo "1398"]
[Opening "French: Winawer, advance, 5.a3"]
[ECO "C17"]
[NIC "FR.10"]
[Time "17:31:04"]
[TimeControl "300+3"]

1. e4 e6 2. d4 d5 3. Nc3 Bb4 4. e5 c5 5. a3 Ba5 6. dxc5 Bxc3+ 7. bxc3 Qa5 8.
Nf3 Qxc3+ 9. Bd2 Qxc5 10. Bd3 Nc6 11. O-O Nge7 12. Qe2 O-O 13. Bxh7+ Kxh7
14. Ng5+ Kg6 15. Qg4 Nxe5 16. Qg3 Qc7 17. Nxe6+ Kf6 18. Nxc7 Bf5 19. Nxd5+
Ke6 20. Nxe7 Kxe7 21. Qxe5+ {Black resigns} 1-0

[Event "ICC tourney 2545 (5 3)"]
[Site "Internet Chess Club"]
[Date "2021.04.11"]
[Round "9"]
[White "AtharvRB"]
[Black "colorfulcake"]
[Result "0-1"]
[ICCResult "White resigns"]
[WhiteElo "1476"]
[BlackElo "1408"]
[Opening "King's Indian defense, 3.Nc3"]
[ECO "E61"]
[NIC "KI.80"]
[Time "17:30:45"]
[TimeControl "300+3"]

1. d4 Nf6 2. c4 g6 3. Nc3 Bg7 4. Bf4 d6 5. Qd2 O-O 6. Bh6 Nc6 7. Bxg7 Kxg7
8. e3 e5 9. Nf3 Re8 10. Bd3 e4 11. Nxe4 Nxe4 12. Qc2 Nf6 13. h4 Nb4 14. Qc3
Nxd3+ 15. Qxd3 Bf5 16. Qd1 c6 17. Nh2 h5 18. f3 Rxe3+ 19. Kf1 Bd3+ 20. Kg1
Qe7 21. g4 hxg4 22. Nxg4 Nxg4 23. fxg4 Rg3+ 24. Kh2 Qe3 {White resigns} 0-1

[Event "ICC tourney 2545 (5 3)"]
[Site "Internet Chess Club"]
[Date "2021.04.11"]
[Round "9"]
[White "clydedrexler22"]
[Black "wildrumpus"]
[Result "1-0"]
[ICCResult "Black resigns"]
[WhiteElo "1577"]
[BlackElo "1385"]
[Opening "Queen's pawn: London system"]
[ECO "A45"]
[NIC "QP.07"]
[Time "17:30:36"]
[TimeControl "300+3"]

1. d4 Nf6 2. Bf4 d5 3. e3 c5 4. Nc3 Nc6 5. Nb5 Qa5+ 6. c3 e5 7. Bxe5 Nxe5 8.
dxe5 Nd7 9. Qxd5 Be7 10. e6 fxe6 11. Qxe6 Nf6 12. Nd6+ Kd8 13. Nxc8 Rxc8 14.
O-O-O+ Ke8 15. Bc4 Rf8 16. Qxc8+ {Black resigns} 1-0

[Event "ICC tourney 2545 (5 3)"]
[Site "Internet Chess Club"]
[Date "2021.04.11"]
[Round "9"]
[White "Python64"]
[Black "chessrex"]
[Result "1-0"]
[ICCResult "Black checkmated"]
[WhiteElo "1829"]
[BlackElo "1796"]
[Opening "English opening"]
[ECO "A10"]
[NIC "EO.64"]
[Time "17:30:50"]
[TimeControl "300+3"]

1. c4 g5 2. Nc3 Bg7 3. d4 h6 4. e4 d6 5. Nf3 Nc6 6. h4 g4 7. d5 gxf3 8. dxc6
fxg2 9. Bxg2 bxc6 10. e5 Bd7 11. e6 fxe6 12. Be3 Nf6 13. Qc2 Kf7 14. Rg1 e5
15. Bd5+ Nxd5 16. Qg6+ Kf8 17. Qxg7+ Ke8 18. Qxh8+ Kf7 19. Qg7+ Ke8 20. Qg8#
{Black checkmated}
1-0

[Event "ICC tourney 2545 (5 3)"]
[Site "Internet Chess Club"]
[Date "2021.04.11"]
[Round "9"]
[White "GrandTurk"]
[Black "Tavo"]
[Result "1-0"]
[ICCResult "Black resigns"]
[WhiteElo "1843"]
[BlackElo "1461"]
[Opening "King's Indian, 3.Nf3"]
[ECO "E60"]
[NIC "QP.06"]
[Time "17:30:14"]
[TimeControl "300+3"]

1. d4 Nf6 2. Nf3 g6 3. c4 c5 4. Nc3 cxd4 5. Nxd4 Bg7 6. e4 d6 7. Be2 O-O 8.
Be3 Na6 9. O-O Bd7 10. Rc1 Nc7 11. Qd2 a6 12. f3 Rb8 13. a4 Qe8 14. a5 b5
15. cxb5 Nxb5 16. Ncxb5 Bxb5 17. Nxb5 axb5 18. Rc7 b4 19. a6 Nd7 20. a7 Ra8
21. Bb5 Rd8 22. Ra1 {Black resigns} 1-0

[Event "ICC tourney 2545 (5 3)"]
[Site "Internet Chess Club"]
[Date "2021.04.11"]
[Round "9"]
[White "marioseixas1992"]
[Black "GunSlinger"]
[Result "0-1"]
[ICCResult "White resigns"]
[WhiteElo "1315"]
[BlackElo "1617"]
[Opening "KGA: Abbazia defense, modern variation"]
[ECO "C36"]
[NIC "KG.02"]
[Time "17:31:05"]
[TimeControl "300+3"]

1. e4 e5 2. f4 exf4 3. Nf3 d5 4. exd5 Nf6 5. b3 Nxd5 6. Bb2 Bg4 7. h3 Bh5 8.
d3 Ne3 9. Qe2 Be7 10. Nbd2 Bh4+ 11. Nxh4 {White resigns} 0-1

[Event "ICC tourney 2545 (5 3)"]
[Site "Internet Chess Club"]
[Date "2021.04.11"]
[Round "9"]
[White "Ecalevolkk"]
[Black "pumukel"]
[Result "1-0"]
[ICCResult "Black resigns"]
[WhiteElo "1656"]
[BlackElo "1553"]
[Opening "Queen's pawn: Charlick (Englund) gambit"]
[ECO "A40"]
[NIC "QO.17"]
[Time "17:31:17"]
[TimeControl "300+3"]

1. d4 e5 2. dxe5 Nc6 3. Nf3 Qe7 4. Nc3 Nxe5 5. Nd5 Nxf3+ 6. gxf3 Qd8 7. Bf4
d6 8. e4 Be6 9. c4 c6 10. Nc3 Nf6 11. Qd2 Be7 12. O-O-O Qc7 13. Bxd6 Bxd6
14. Qxd6 Qxd6 15. Rxd6 Ke7 16. Rd1 Rhd8 17. Be2 Nh5 18. Rxd8 Rxd8 19. Rd1
Nf4 20. Rxd8 Kxd8 21. b3 Ke7 22. Kd2 Kf6 23. Ke3 Kg5 24. h4+ Kxh4 25. Kxf4
f6 26. Ke3 g5 27. f4 g4 28. f5 Bf7 29. Kf4 h5 30. Bf1 Be8 31. Nd1 b5 32.
cxb5 cxb5 33. Nc3 a6 34. Nd5 Bc6 35. Nxf6 a5 36. e5 a4 37. bxa4 bxa4 38. a3
{Black resigns}
1-0

[Event "ICC tourney 2545 (5 3)"]
[Site "Internet Chess Club"]
[Date "2021.04.11"]
[Round "9"]
[White "Vision2000"]
[Black "FL2009"]
[Result "1-0"]
[ICCResult "Black resigns"]
[WhiteElo "1489"]
[BlackElo "1631"]
[Opening "QGD: 4.Bg5 Be7"]
[ECO "D53"]
[NIC "QO.13"]
[Time "17:30:33"]
[TimeControl "300+3"]

1. d4 d5 2. c4 e6 3. Nc3 Nf6 4. Bg5 Be7 5. cxd5 exd5 6. e3 O-O 7. Bd3 h6 8.
Bh4 c6 9. Qc2 Re8 10. Nge2 Nbd7 11. h3 Nf8 12. g4 g5 13. Bg3 Bd6 14. O-O-O
Bxg3 15. Nxg3 Ng6 16. Bxg6 fxg6 17. Qxg6+ Kh8 18. Qxh6+ Nh7 19. Nh5 Qe7 20.
f4 Qxe3+ 21. Kb1 Qe7 22. Rhe1 Qxe1 23. Rxe1 Rxe1+ 24. Kc2 Re7 25. fxg5 Be6
26. g6 Bg8 27. g7+ {Black resigns} 1-0

[Event "ICC tourney 2545 (5 3)"]
[Site "Internet Chess Club"]
[Date "2021.04.11"]
[Round "9"]
[White "KnightGhost"]
[Black "robbonz"]
[Result "1-0"]
[ICCResult "Black checkmated"]
[WhiteElo "1248"]
[BlackElo "686"]
[Opening "Four knights: Italian variation"]
[ECO "C47"]
[NIC "AL.10"]
[Time "17:30:02"]
[TimeControl "300+3"]

1. e4 Nf6 2. Nc3 Nc6 3. Nf3 e5 4. Bc4 Bb4 5. O-O O-O 6. a3 Ba5 7. b4 Bb6 8.
Bb2 Bd4 9. Rb1 d6 10. Bb3 Be6 11. Nd5 Bxd5 12. exd5 Nxd5 13. Bxd5 Ne7 14.
Bb3 Nc6 15. c3 Bb6 16. a4 d5 17. a5 Bxf2+ 18. Rxf2 d4 19. cxd4 exd4 20. b5
d3 21. bxc6 bxc6 22. Ne5 Qf6 23. Rxf6 gxf6 24. Qg4+ Kh8 25. Nxf7+ Rxf7 26.
Bxf7 Rb8 27. Bxf6# {Black checkmated} 1-0

[Event "ICC tourney 2545 (5 3)"]
[Site "Internet Chess Club"]
[Date "2021.04.11"]
[Round "9"]
[White "Ohanessian"]
[Black "chess2thesun"]
[Result "0-1"]
[ICCResult "White resigns"]
[WhiteElo "1986"]
[BlackElo "2257"]
[Opening "Four knights: Gunsberg variation"]
[ECO "C47"]
[NIC "KP.06"]
[Time "17:29:57"]
[TimeControl "300+3"]

1. e4 e5 2. Nf3 Nc6 3. Nc3 Nf6 4. a3 d5 5. Bb5 d4 6. Ne2 Bd6 7. d3 O-O 8.
Bg5 h6 9. Bh4 Bg4 10. h3 Bxf3 11. gxf3 Be7 12. Rg1 Nh5 13. Bg3 Qd6 14. Qd2
Bg5 15. Qd1 Ne7 16. Bc4 Ng6 17. c3 dxc3 18. bxc3 Rad8 19. Qb3 Qf6 20. Qxb7
Qxf3 21. Qxc7 Kh8 22. Bxf7 Rxf7 23. Qc6 Nxg3 24. fxg3 Qf2+ 25. Kd1 Rxd3+ 26.
Kc2 Qxe2+ 27. Kb3 Rxc3+ 28. Qxc3 Rf3 29. Rge1 Rxc3+ 30. Kxc3 Bd2+ 31. Kc2
Bxe1+ {White resigns} 0-1

[Event "ICC tourney 2545 (5 3)"]
[Site "Internet Chess Club"]
[Date "2021.04.11"]
[Round "9"]
[White "cap78red"]
[Black "Boruoh"]
[Result "1-0"]
[ICCResult "Black resigns"]
[WhiteElo "1392"]
[BlackElo "1250"]
[Opening "English opening"]
[ECO "A16"]
[NIC "EO.64"]
[Time "17:30:46"]
[TimeControl "300+3"]

1. c4 Nf6 2. Nc3 g6 3. e4 d6 4. d3 Bg7 5. f4 O-O 6. Nf3 Nbd7 7. Be2 c6 8.
O-O Nb6 9. h3 Bd7 10. Ng5 h6 11. e5 Ne8 12. Nge4 d5 13. cxd5 cxd5 14. Nc5
Qc7 15. Nxd7 Qxd7 16. Bg4 e6 17. Qf3 d4 18. Ne4 f5 19. exf6 Nxf6 20. Nxf6+
Rxf6 21. Qg3 Raf8 22. Bd2 Nd5 23. Rae1 g5 24. fxg5 Rxf1+ 25. Rxf1 Rxf1+ 26.
Kxf1 Qf7+ 27. Kg1 e5 28. gxh6 Bh8 29. Be6+ {Black resigns} 1-0

[Event "ICC tourney 2545 (5 3)"]
[Site "Internet Chess Club"]
[Date "2021.04.11"]
[Round "9"]
[White "harrisongaro"]
[Black "JJrook"]
[Result "0-1"]
[ICCResult "White checkmated"]
[WhiteElo "1367"]
[BlackElo "1391"]
[Opening "Queen's pawn: Torre attack"]
[ECO "A46"]
[NIC "QP.04"]
[Time "17:30:25"]
[TimeControl "300+3"]

1. d4 Nf6 2. Nf3 e6 3. Bg5 d5 4. Ne5 Be7 5. e3 Nbd7 6. Bb5 c6 7. Ba4 Nxe5 8.
dxe5 Nd7 9. f4 Bxg5 10. fxg5 Qxg5 11. Qf3 Qh4+ 12. Qf2 Qxa4 13. Nc3 Qb4 14.
O-O O-O 15. Rab1 Nxe5 16. a3 Qb6 17. Ne2 Ng4 18. Qf4 Qxe3+ 19. Qxe3 Nxe3 20.
Rf3 Nc4 21. Rbf1 Nd2 22. Nf4 Nxf3+ 23. gxf3 e5 24. Nh5 Bf5 25. f4 Rae8 26.
Rf3 Bg4 27. Nf6+ gxf6 28. Rg3 f5 29. h3 h5 30. hxg4 hxg4 31. Rg2 exf4 32.
Rh2 Kg7 33. Rh5 Kg6 34. Rh2 f3 35. Kf2 Re2+ 36. Kg3 f4+ 37. Kxf4 Rxh2 38.
Kxg4 f2 39. Kg3 Rfh8 40. c4 f1=Q 41. cxd5 R8h3+ 42. Kg4 Qf5# {White
checkmated} 0-1

[Event "ICC tourney 2545 (5 3)"]
[Site "Internet Chess Club"]
[Date "2021.04.11"]
[Round "9"]
[White "ericbuen"]
[Black "michaelxiao"]
[Result "0-1"]
[ICCResult "White resigns"]
[WhiteElo "1611"]
[BlackElo "1382"]
[Opening "French: Tarrasch"]
[ECO "C03"]
[NIC "FR.07"]
[Time "17:30:55"]
[TimeControl "300+3"]

1. e4 e6 2. d4 d5 3. Nd2 dxe4 4. Nxe4 Be7 5. Nf3 Nf6 6. Ng3 c5 7. c3 Nc6 8.
Bb5 cxd4 9. Nxd4 Bd7 10. Nxc6 Bxc6 11. Qxd8+ Rxd8 12. Bxc6+ bxc6 13. Be3 O-O
14. Bxa7 Rd7 15. Bd4 c5 16. Be3 Rb7 17. b3 Nd5 18. Bd2 Bf6 19. Rc1 Ra8 20.
Rc2 Rba7 21. a4 Rb7 22. Ne4 Rxb3 23. Nxc5 Rb1+ 24. Bc1 Bxc3+ 25. Ke2 Bf6 26.
Rd1 Nc3+ 27. Rxc3 Bxc3 28. Nd3 Rxa4 29. Nc5 Ra8 30. Nd7 Bb2 31. Nb6 Rb8 32.
Bf4 Rxd1 33. Bxb8 Rd8 34. Bc7 Rd4 35. Be5 Rb4 36. Nd7 Bxe5 37. Nxe5 Re4+
{White resigns}
0-1

[Event "ICC tourney 2545 (5 3)"]
[Site "Internet Chess Club"]
[Date "2021.04.11"]
[Round "9"]
[White "cstefan"]
[Black "Abix4"]
[Result "1-0"]
[ICCResult "Black resigns"]
[WhiteElo "1953"]
[BlackElo "1637"]
[Opening "Sicilian: closed"]
[ECO "B23"]
[NIC "SI.44"]
[Time "17:30:24"]
[TimeControl "300+3"]

1. e4 c5 2. Nc3 e5 3. Bc4 Nf6 4. d3 d6 5. f4 Nc6 6. a3 Be7 7. Nf3 Bg4 8. h3
Bxf3 9. Qxf3 Nd4 10. Qf2 Nd7 11. O-O O-O 12. Nd5 Kh8 13. f5 Bf6 14. c3 Nc6
15. Be3 a6 16. Ba2 g6 17. Qd2 Bg7 18. f6 Nxf6 19. Bg5 Nxe4 20. dxe4 f6 21.
Bh6 g5 22. Bxg7+ Kxg7 23. Ne3 Ne7 24. Rad1 Rf7 25. Bxf7 Kxf7 26. Qxd6 Qxd6
27. Rxd6 {Black resigns} 1-0

[Event "ICC tourney 2545 (5 3)"]
[Site "Internet Chess Club"]
[Date "2021.04.11"]
[Round "9"]
[White "orak"]
[Black "JaimeVeloso"]
[Result "1-0"]
[ICCResult "Black resigns"]
[WhiteElo "1589"]
[BlackElo "1344"]
[Opening "Ruy Lopez: Wormald (Alapin) attack"]
[ECO "C77"]
[NIC "RL.12"]
[Time "17:30:39"]
[TimeControl "300+3"]

1. e4 e5 2. Nf3 Nc6 3. Bb5 a6 4. Ba4 Nf6 5. Qe2 b5 6. Bb3 Be7 7. c3 O-O 8.
d3 d6 9. h3 a5 10. Nbd2 a4 11. Bc2 Na5 12. Nf1 Bb7 13. g4 d5 14. Ng3 dxe4
15. dxe4 b4 16. Be3 bxc3 17. bxc3 Ba6 18. Qd2 Qc8 19. Nxe5 Rd8 20. Qc1 Nc4
21. Nc6 Rd7 22. Bd4 Bb7 23. Nxe7+ Rxe7 24. O-O Nxe4 25. Nf5 Re6 26. Qf4 Ncd2
27. Rfe1 g6 28. Nh6+ {Black resigns} 1-0

[Event "ICC tourney 2545 (5 3)"]
[Site "Internet Chess Club"]
[Date "2021.04.11"]
[Round "9"]
[White "keesparov2001"]
[Black "jab"]
[Result "0-1"]
[ICCResult "White resigns"]
[WhiteElo "926"]
[BlackElo "1374"]
[Opening "Sicilian"]
[ECO "B54"]
[NIC "SI.01"]
[Time "17:30:32"]
[TimeControl "300+3"]

1. e4 c5 2. Nf3 d6 3. d4 cxd4 4. Nxd4 e5 5. Nb5 a6 6. N5c3 b5 7. Nd5 Be6 8.
c4 bxc4 9. Bxc4 Nf6 10. Nbc3 Be7 11. Bg5 O-O 12. Qd2 Nxd5 13. Bxe7 Nxe7 14.
Bxe6 fxe6 15. O-O Nbc6 16. Ne2 d5 17. exd5 exd5 18. Rac1 Rc8 19. Ng3 e4 20.
Rcd1 Ne5 21. Nxe4 dxe4 22. Qxd8 Rcxd8 23. Rde1 Rd4 24. f4 Nd3 25. Rd1 Nd5
26. g3 Ne3 27. Rxd3 Rxd3 28. Rc1 Rd1+ 29. Rxd1 Nxd1 30. Kg2 Nxb2 {White
resigns} 0-1

[Event "ICC tourney 2545 (5 3)"]
[Site "Internet Chess Club"]
[Date "2021.04.11"]
[Round "9"]
[White "DrDrunkenstyn"]
[Black "Tudorache"]
[Result "0-1"]
[ICCResult "White checkmated"]
[WhiteElo "1626"]
[BlackElo "1732"]
[Opening "English: closed system"]
[ECO "A26"]
[NIC "EO.24"]
[Time "17:30:50"]
[TimeControl "300+3"]

1. c4 e5 2. g3 Nc6 3. Bg2 g6 4. Nc3 Bg7 5. d3 d6 6. Nf3 h6 7. O-O Be6 8. Rb1
Qd7 9. b4 f5 10. Bb2 Nf6 11. b5 Nd8 12. d4 e4 13. Nd2 O-O 14. d5 Bf7 15. Nb3
b6 16. Nd4 Ng4 17. h3 Ne5 18. Nc6 Nxc4 19. e3 Nxb2 20. Rxb2 Bxc3 21. Rc2 Bg7
22. f3 exf3 23. Rxf3 a6 24. a4 axb5 25. Qd3 Rxa4 26. g4 fxg4 27. hxg4 Nxc6
28. dxc6 Qxg4 29. Qxb5 Ra1+ 30. Kf2 Qh4+ 31. Ke2 Qe1+ 32. Kd3 Ra3+ 33. Ke4
Re8+ 34. Kf4 Qh4# {White checkmated} 0-1

[Event "ICC tourney 2545 (5 3)"]
[Site "Internet Chess Club"]
[Date "2021.04.11"]
[Round "9"]
[White "CCAadminDave"]
[Black "kartheek24"]
[Result "0-1"]
[ICCResult "White resigns"]
[WhiteElo "1628"]
[BlackElo "1839"]
[Opening "French: Two knights variation"]
[ECO "C00"]
[NIC "FR.01"]
[Time "17:30:32"]
[TimeControl "300+3"]

1. e4 e6 2. Nf3 d5 3. Nc3 d4 4. Ne2 c5 5. c3 Nf6 6. e5 Nfd7 7. cxd4 cxd4 8.
Nexd4 Nxe5 9. Qa4+ Nec6 10. Nxc6 Nxc6 11. Bb5 Bd7 12. O-O Be7 13. d4 O-O 14.
Ne5 Nxe5 15. dxe5 Bxb5 16. Qxb5 Qb6 17. Qxb6 axb6 18. Be3 Bc5 19. Rfc1 Rfc8
20. Bf4 h6 21. Rc2 Bd4 22. Rxc8+ Rxc8 23. Rb1 Rc2 24. Bg3 Rxb2 25. Rxb2 Bxb2
26. Kf1 Kf8 27. Ke2 Ke7 28. Kd3 Kd7 29. Kc4 Kc6 30. f3 b5+ 31. Kb4 Bd4 32.
f4 f6 33. exf6 gxf6 34. Bh4 e5 35. fxe5 Bxe5 36. h3 f5 37. g3 h5 38. Kb3 Bd6
39. Kc3 Kd5 40. Kd3 b4 41. Ke3 b5 42. Kf3 Kc4 43. Bf6 Kd3 {White resigns}
0-1

[Event "ICC tourney 2545 (5 3)"]
[Site "Internet Chess Club"]
[Date "2021.04.11"]
[Round "9"]
[White "objetpetit-zam"]
[Black "noprisoners"]
[Result "1-0"]
[ICCResult "Black checkmated"]
[WhiteElo "1366"]
[BlackElo "1273"]
[Opening "Ruy Lopez: Anderssen variation"]
[ECO "C77"]
[NIC "RL.12"]
[Time "17:30:52"]
[TimeControl "300+3"]

1. e4 e5 2. Nf3 Nc6 3. Bb5 a6 4. Ba4 Nf6 5. d3 b5 6. Bb3 Bc5 7. O-O d6 8. c3
Bg4 9. Nbd2 Nh5 10. Qe1 Ng3 11. hxg3 Qf6 12. Nh4 Qf4 13. gxf4 g5 14. fxg5
Rg8 15. Ndf3 Bxf3 16. Nxf3 h6 17. gxh6 Rg6 18. Bd5 O-O-O 19. Bxc6 Rdg8 20.
g3 Rxg3+ 21. Kh1 Rxf3 22. Kh2 Rg6 23. Qe2 Rgf6 24. h7 Bxf2 25. h8=Q#
{Black checkmated}
1-0

[Event "ICC tourney 2545 (5 3)"]
[Site "Internet Chess Club"]
[Date "2021.04.11"]
[Round "9"]
[White "Lewton"]
[Black "Draconian"]
[Result "1-0"]
[ICCResult "Black resigns"]
[WhiteElo "2217"]
[BlackElo "1852"]
[Opening "English: Carls' Bremen system"]
[ECO "A22"]
[NIC "EO.10"]
[Time "17:30:28"]
[TimeControl "300+3"]

1. c4 e5 2. Nc3 Nf6 3. g3 Na6 4. Bg2 Bc5 5. Nf3 Qe7 6. O-O c6 7. e3 d5 8.
cxd5 cxd5 9. Nxe5 Qxe5 10. d4 Bxd4 11. exd4 Qd6 12. Bf4 Qd8 13. Qa4+ Bd7 14.
Rfe1+ Ne4 15. Qb3 O-O 16. Nxe4 dxe4 17. Qxb7 Qc8 18. Qxe4 Rb8 19. Bxb8 Qxb8
20. Qb7 Nb4 21. Qxb8 Rxb8 22. Re7 Be6 23. Rxa7 Nc2 24. Rc1 Nxd4 25. Rd1 Ne2+
26. Kh1 g6 27. Ra8 Rxa8 28. Bxa8 Bxa2 29. Bf3 Bc4 30. Bxe2 Bxe2 31. Rd8+ Kg7
32. f4 h5 33. Kg1 Kf6 34. Kf2 Bc4 35. b4 Kf5 36. Rd4 Be6 37. b5 Bc8 38. b6
Ke6 39. Ke3 Bb7 40. h4 f5 41. Rd8 Ke7 42. Rg8 Kf7 43. Rb8 Ba6 44. Kd4 Ke7
45. Ke5 Kf7 46. Ra8 Bb5 47. b7 Bc6 48. b8=Q Bxa8 49. Qxa8 g5 50. Qb7+ Kg8
51. Qc8+ Kh7 52. Qd7+ Kh6 53. fxg5+ Kg6 54. Qxf5+ Kg7 55. Qf6+ Kg8 56. Qe7
Kh8 57. g6 Kg8 58. Qf7+ Kh8 {Black resigns} 1-0

[Event "ICC tourney 2545 (5 3)"]
[Site "Internet Chess Club"]
[Date "2021.04.11"]
[Round "9"]
[White "joey0926"]
[Black "ashrafismyname"]
[Result "1-0"]
[ICCResult "Black resigns"]
[WhiteElo "1391"]
[BlackElo "1548"]
[Opening "Center game"]
[ECO "C22"]
[NIC "KP.04"]
[Time "17:30:53"]
[TimeControl "300+3"]

1. e4 e5 2. d4 exd4 3. Qxd4 Nc6 4. Qd1 Bc5 5. Nc3 d6 6. Bd3 Nge7 7. Nf3 Ng6
8. O-O Bg4 9. h3 Bxf3 10. Qxf3 Nce5 11. Qd1 Qh4 12. Na4 O-O-O 13. Nxc5 dxc5
14. f4 Nxd3 15. cxd3 h5 16. Be3 Kb8 17. f5 Qg3 18. Rf3 Qe5 19. fxg6 fxg6 20.
Rf7 g5 21. Qc1 g4 22. h4 b6 23. Bf4 Qd4+ 24. Qe3 Qxb2 25. Rf1 Qxa2 26. Bxc7+
Ka8 27. Bxd8 Rxd8 28. e5 Kb8 29. e6 c4 30. Qe5+ Ka8 31. Qe4+ {Black resigns}
1-0

[Event "ICC tourney 2545 (5 3)"]
[Site "Internet Chess Club"]
[Date "2021.04.11"]
[Round "9"]
[White "PhaseShift"]
[Black "JstackGA"]
[Result "1-0"]
[ICCResult "Black resigns"]
[WhiteElo "1645"]
[BlackElo "1458"]
[Opening "Queen's pawn game, Chigorin variation"]
[ECO "D02"]
[NIC "QP.08"]
[Time "17:30:50"]
[TimeControl "300+3"]

1. d4 d5 2. Nf3 Nc6 3. g3 Bg4 4. Bg2 Qd7 5. O-O Bh3 6. c4 Bxg2 7. Kxg2 O-O-O
8. cxd5 Qxd5 9. Nc3 Qh5 10. Qa4 Nf6 11. Bg5 Ng4 12. h3 Nh6 13. d5 f6 14.
Bxh6 gxh6 15. dxc6 bxc6 16. Qxa7 e5 17. Qa8+ Kd7 18. Rad1+ Bd6 19. Qa4 Rhg8
20. Ne4 Qg6 21. Rc1 f5 22. Qxc6+ Ke7 23. Nxd6 cxd6 24. Nh4 Qg5 25. Qc2 Qxh4
26. Qxf5 Rdf8 27. Rc7+ {Black resigns} 1-0

[Event "ICC tourney 2545 (5 3)"]
[Site "Internet Chess Club"]
[Date "2021.04.11"]
[Round "9"]
[White "pkramkumar"]
[Black "RichTNYC"]
[Result "1-0"]
[ICCResult "Black resigns"]
[WhiteElo "1419"]
[BlackElo "1213"]
[Opening "Réti opening"]
[ECO "A04"]
[NIC "QP.11"]
[Time "17:30:39"]
[TimeControl "300+3"]

1. Nf3 Nc6 2. b3 e5 3. Bb2 d6 4. g3 Be7 5. Bg2 Nf6 6. O-O O-O 7. c4 Be6 8.
d3 d5 9. Nxe5 Nxe5 10. Bxe5 Ng4 11. Bb2 Bf6 12. Bxf6 Qxf6 13. Nd2 Rad8 14.
Nf3 dxc4 15. bxc4 Bxc4 16. Qc2 Be6 17. Qxc7 Rc8 18. Qxb7 Rc2 19. Rfe1 Bxa2
20. Qxa7 Be6 21. Qd4 Qe7 22. Qa4 Rc7 23. Nd4 Bd7 24. Qa3 Qf6 25. Nf3 Rc3 26.
Qa7 Rd8 27. Qd4 Qc6 28. Ne5 Qc5 29. Qxc5 Rxc5 30. Nxd7 Rxd7 31. Ra8+
{Black resigns}
1-0